 Dungeon Crawl Stone Soup version 0.19-a0-1714-gcab94ab (webtiles) character file.

1005 holy777 the Reanimator (level 8, -1/54 HPs)
             Began as a Mummy Necromancer on Sept 28, 2016.
             Shot with an arrow by a centaur (21 damage)
             ... on level 5 of the Dungeon.
             The game lasted 00:19:47 (5431 turns).

holy777 the Reanimator (Mummy Necromancer)          Turns: 5431, Time: 00:19:48

Health: -1/54      AC:  5    Str: 11    XL:     8   Next: 0%
Magic:  12/15      EV: 13    Int: 19    God:
Gold:   67         SH:  0    Dex: 17    Spells: 5 memorised, 4 levels left

rFire  x . .     SeeInvis .     d - +1 scimitar (elec)
rCold  + . .     Gourm    .     a - +0 robe
rNeg   + + +     Faith    .     (no shield)
rPois  ∞         Spirit   .     c - +0 helmet
rElec  .         Dismiss  .     (no cloak)
rCorr  .         Reflect  .     e - +0 pair of gloves
MR     +....     Harm     .     (no boots)
Stlth  ++........               (no amulet)
                                k - +4 ring of dexterity
                                m - +3 ring of intelligence

@: no status effects
A: no food or potions, fire vulnerability, cold resistance 1, negative energy
resistance 3, torment resistance, unbreathing
a: no special abilities


You were on level 5 of the Dungeon.
You were not hungry.

You visited 1 branch of the dungeon, and saw 5 of its levels.

You collected 255 gold pieces.
You spent 188 gold pieces at shops.

Inventory:

Hand Weapons
 d - a +1 scimitar of electrocution (weapon)
Missiles
 h - 8 needles of confusion
Armour
 a - a +0 robe (worn)
 c - a +0 helmet (worn)
 e - a +0 pair of gloves (worn)
 o - the +0 shield of Mateypare {rF+}
   (You found it on level 5 of the Dungeon)

   It protects you from fire.
Jewellery
 f - an uncursed ring of flight
 k - a +4 ring of dexterity (right hand)
 m - a +3 ring of intelligence (left hand)
Wands
 l - a wand of iceblast (7/15)
Scrolls
 g - a scroll of teleportation
 i - a scroll of vulnerability {unknown}
 j - 2 scrolls of amnesia {unknown}
 n - a scroll of blinking {unknown}
 p - a scroll of enchant armour {unknown}
Books
 b - a book of Necromancy

   Spells                             Type                      Level
   a - Pain                           Necromancy                   1
   b - Animate Skeleton               Necromancy                   1
   c - Vampiric Draining              Necromancy                   3
   d - Regeneration                   Charms/Necromancy            3
   e - Animate Dead                   Necromancy                   4
   f - Control Undead                 Necromancy                   4


   Skills:
 + Level 1.0 Fighting
 + Level 0.5 Long Blades
   Level 1.2 Maces & Flails
 + Level 2.0 Dodging
 - Level 1.5 Stealth
 + Level 5.2 Spellcasting
 * Level 8.0 Necromancy


You had 4 spell levels left.
You knew the following spells:

 Your Spells              Type           Power        Failure   Level  Hunger
a - Pain                  Necr           ####         1%          1    N/A
b - Animate Skeleton      Necr           N/A          1%          1    N/A
c - Vampiric Draining     Necr           #####.....   1%          3    N/A
d - Animate Dead          Necr           N/A          6%          4    N/A
e - Control Undead        Necr           #####.....   6%          4    N/A

Dungeon Overview and Level Annotations

Branches:
Dungeon (5/15)
 Temple: D:4-7

Altars:
Ashenzari
Dithmenos
Hepliaklqana
Vehumet
Zin

Shops:
D:4 *


Innate Abilities, Weirdness & Mutations

You do not eat or drink.
Your flesh is vulnerable to fire.
You are immune to poison.
Your flesh is cold resistant. (rC+)
You are immune to negative energy. (rN+++)
You are immune to unholy pain and torment.
You can survive without breathing.


Message History

Confirm with . or Enter, or press ? or * to list all spells.
Aiming: Pain
Press: ? - help, Shift-Dir - straight line, f - centaur
Aim: a centaur, wielding a shortbow (chance to defeat MR: 84%)
The centaur writhes in agony!
The centaur shoots an arrow.
The arrow hits you.
The centaur shoots an arrow.
The arrow hits you.
Casting: Pain
Confirm with . or Enter, or press ? or * to list all spells.
Aiming: Pain
Press: ? - help, Shift-Dir - straight line, f/p - centaur
Aim: a centaur, wielding a shortbow (moderately wounded, chance to defeat MR: 84%)
The centaur writhes in agony!
The centaur shoots an arrow.
The arrow hits you!
Casting: Pain
Confirm with . or Enter, or press ? or * to list all spells.
Aiming: Pain
Press: ? - help, Shift-Dir - straight line, f/p - centaur
Aim: a centaur, wielding a shortbow (moderately wounded, chance to defeat MR: 84%)
The centaur barely resists.
The centaur shoots an arrow.
The arrow closely misses you.
The centaur shoots an arrow.
The arrow hits you!!
You die...

#...#................#####.#
#...#...############.#####.#
#...#...#......# ##.#.....#
#!..#...#......# #.........
#...#...#......# #.........
#.[.#...#.....(# #.........
####....#......# #...####..
#....#...)..####.Z(# #..
.....#..@Z...Z..#### #..
.......#'#.....# #..
.......#.#.....# #..
....c..#.#.....# #..
........#.#.....# #..
.......##.#.....#########
#.#....##.###.........#
#.#....##.# #.........# ####
#.#....##.# #.........###


You could see a centaur, a friendly orc wizard zombie and a friendly centaur
zombie.

Vanquished Creatures
  An orc warrior (D:4)
  2 ogres (D:4)
  A phantom (D:5)
  A centaur (D:5)
  A crimson imp (D:5)
  A bullfrog zombie (D:5)
  A hound (D:4)
  An orc priest (D:3)
  3 orc wizards (D:4)
  A jelly (D:5)
  An iguana (D:5)
  A worker ant (D:5)
  7 gnolls (D:4)
  6 adders
  5 oozes
  A worm (D:3)
  3 dart slugs
  5 leopard geckos
  11 orcs
  8 bats
  2 giant cockroaches (D:2)
  8 goblins
  14 hobgoblins
  A jackal (D:3)
  3 quokkas
  5 frilled lizards
  14 kobolds
  A leopard gecko zombie (D:5)
  6 rats
115 creatures vanquished.

Vanquished Creatures (collateral kills)
  A bullfrog zombie (D:3)
  2 orc wizards
  2 gnolls (D:4)
  3 orcs
  A bat (D:3)
  A goblin (D:4)
  A hobgoblin (D:4)
  3 jackals (D:4)
  A frilled lizard (D:1)
  A kobold (D:4)
  A rat (D:2)
17 creatures vanquished.

Grand Total: 132 creatures vanquished

Notes
Turn   | Place    | Note
-------+----------+-------------------------------------------
     0 | D:1      | holy777 the Mummy Necromancer began the quest for the Orb.
     0 | D:1      | Reached XP level 1. HP: 13/13 MP: 3/3
     2 | D:1      | Learned a level 1 spell: Animate Skeleton
   158 | D:1      | Reached XP level 2. HP: 19/19 MP: 0/5
  1106 | D:2      | Reached XP level 3. HP: 24/24 MP: 2/6
  1128 | D:2      | Found a hazy altar of Hepliaklqana.
  1506 | D:2      | Found a shadowy altar of Dithmenos.
  1619 | D:2      | Learned a level 3 spell: Vampiric Draining
  1624 | D:2      | Found a radiant altar of Vehumet.
  1629 | D:2      | Found a glowing silver altar of Zin.
  1722 | D:3      | Found a faded altar of an unknown god.
  1743 | D:3      | Reached skill level 5 in Necromancy
  1748 | D:3      | Reached XP level 4. HP: 26/30 MP: 1/8
  2141 | D:3      | HP: 1/31 [orc priest/divine providence (9)]
  2445 | D:3      | Reached XP level 5. HP: 36/36 MP: 4/9
  3024 | D:4      | Learned a level 4 spell: Animate Dead
  3027 | D:4      | Found Viumi's General Store.
  3331 | D:4      | Noticed an ogre
  3342 | D:4      | Killed an ogre
  3342 | D:4      | Reached skill level 1 in Maces & Flails
  3342 | D:4      | Reached XP level 6. HP: 42/42 MP: 7/11
  3364 | D:4      | Noticed an orc warrior
  3386 | D:4      | Reached skill level 6 in Necromancy
  3672 | D:4      | Bought a +3 ring of intelligence for 188 gold pieces
  3722 | D:4      | Learned a level 4 spell: Control Undead
  3728 | D:4      | Found a shattered altar of Ashenzari.
  3852 | D:4      | Reached XP level 7. HP: 47/47 MP: 5/13
  3970 | D:4      | Reached skill level 7 in Necromancy
  4713 | D:5      | Entered Level 5 of the Dungeon
  4794 | D:5      | Reached skill level 1 in Fighting
  4794 | D:5      | Reached skill level 5 in Spellcasting
  5008 | D:5      | Got a heavily runed shield
  5011 | D:5      | Identified the cursed +0 shield of Mateypare {rF+} (You found it on level 5 of the Dungeon)
  5306 | D:5      | Reached skill level 8 in Necromancy
  5397 | D:5      | Reached XP level 8. HP: 52/54 MP: 15/15
  5431 | D:5      | Shot with an arrow by a centaur

Vault maps used:
D:1:      lightli_arrival_boilingwater
D:2:      overflow_temple_1_default, minitemple, lemuel_round_altar, first_bread
D:3:      kennysheep_big_flooded_room, ecumenical_altar_2
D:4:      corexii_shantytown, kennysheep_mini_moat, serial_shops, shop

Skill      XL: |  1  2  3  4  5  6  7 |
---------------+----------------------+-----
Necromancy     | 5 6 8 |  8.0
Spellcasting   | 3 4 5 |  5.2
Maces & Flails | 1 |  1.2
Fighting       | 1 |  1.0
Dodging        | 2 |  2.0
Long Blades    | |  0.5
Stealth        | |  1.5

Action                   |  1- 3 |  4- 6 |  7- 9 || total
-------------------------+-------+-------+-------++-------
Melee: Unarmed           |     8 |       |       ||     8
       Whip              |    20 |    60 |    43 ||   123
       Scimitar          |       |       |    24 ||    24
 Cast: Pain              |    61 |    70 |    35 ||   166
       Animate Skeleton  |    11 |    12 |       ||    23
       Vampiric Draining |       |     6 |     1 ||     7
       Animate Dead      |       |     7 |    16 ||    23
       Control Undead    |       |       |     5 ||     5
 Abil: Evoke Flight      |       |     2 |       ||     2
  Use: Scroll            |     6 |       |     3 ||     9
 Stab: Betrayed ally     |     1 |       |       ||     1
       Sleeping          |     2 |       |     1 ||     3
Armor: Robe              |    10 |    19 |     7 ||    36
Dodge: Dodged            |    28 |    59 |    43 ||   130
Block: Shield            |       |       |     1 ||     1
